[Event "*** Titled Tuesday Blitz"]
[Site "Chess.com"]
[Date "2020.11.10"]
[Round "4"]
[White "oskariot"]
[Black "Alomaterapia"]
[Result "1-0"]
[WhiteElo "2697"]
[BlackElo "2495"]
[TimeControl "180+1"]
[EndTime "10:42:12 PST"]
[Termination "oskariot won by resignation"]

1. e4 e5 2. Nf3 Nc6 3. Nc3 Nf6 4. a3 Be7 5. d4 exd4 6. Nxd4 d6 7. Be2 O-O 8. O-O Re8 9. Re1 Bd7 10. f4 Nxd4 11.
Qxd4 Bc6 12. Bf3 Bf8 13. Be3 g6 14. Qd3 Bg7 15. Bd4 Nd7 16. Rad1 Bxd4+ 17. Qxd4 Qf6 18.
Qxf6 Nxf6 19. Kf2 Re6 20. e5 dxe5 21. fxe5 Ne8 22. Nd5 h5 23. c4 Kg7 24. h4 Rd8 25. b4 b5 26. Nf4 Rxd1 27. Nxe6+ fxe6 28. Rxd1 Bxf3 29. Kxf3 bxc4 30. Rc1 Kf7 31. Rxc4 Ke7 32. Rc6 Kd7 33. Ra6 Ng7 34. Rxa7 Nf5 35. g3 Nd4+ 36. Kf4 Nb5 37. Ra8 Nc3 38. Rg8 Kc6 39. Rxg6 Kb6 40.
Rxe6+ Kb5 41. Rh6 Nd5+ 42. Kf5 Ne3+ 43. Ke4 1-0

[Event "*** Titled Tuesday Blitz"]
[Site "Chess.com"]
[Date "2020.11.10"]
[Round "4"]
[White "Annawel"]
[Black "VMikhalevski"]
[Result "0-1"]
[WhiteElo "2905"]
[BlackElo "2720"]
[TimeControl "180+1"]
[EndTime "10:42:13 PST"]
[Termination "VMikhalevski won on time"]

1. e4 e5 2. Nf3 Nc6 3. Bb5 g6 4. c3 Bg7 5. d4 exd4 6. cxd4 a6 7. Ba4 b5 8. Bb3 d6 9. O-O Nge7 10. h3 O-O 11.
Be3 Na5 12. Nbd2 Bb7 13. Rc1 Nxb3 14. Qxb3 Qd7 15. Rfd1 h6 16. d5 c6 17. dxc6 Nxc6 18.
a4 Ne5 19. Nxe5 dxe5 20. axb5 Qxb5 21. Qxb5 axb5 22. Rc5 Rfd8 23. Rdc1 Rac8 24. Rc7 Bf8 25. f3 Bd6 26. Rxc8 Rxc8 27. Rxc8+ Bxc8 28. Bxh6 Bc5+ 29. Kf1 Bd4 30. b3 Be6 31. Ke2 Bc3 32. Bg5 Kg7 33.
Nb1 Ba5 34. Bd2 b4 35. Bc1 Bxb3 36. Bb2 Bc4+ 37. Kf2 Bb6+ 38. Ke1 Bd3 39. Nd2 f6 40. g3 Kf7 41. f4 exf4 42. gxf4 Ke6 43. h4 Be3 44.
f5+ gxf5 45. exf5+ Kxf5 46. Nf1 Bxf1 47. Kxf1 Bf4 48.
Ke2 Be5 49. Bc1 b3 0-1

[Event "*** Titled Tuesday Blitz"]
[Site "Chess.com"]
[Date "2020.11.10"]
[Round "4"]
[White "FontVella8"]
[Black "PaulfromSPb"]
[Result "0-1"]
[WhiteElo "2512"]
[BlackElo "2713"]
[TimeControl "180+1"]
[EndTime "10:42:13 PST"]
[Termination "PaulfromSPb won by resignation"]

1. e4 c5 2. Nf3 d6 3. Bb5+ Nd7 4. c3 Nf6 5. Qe2 a6 6. Ba4 b5 7. Bc2 e5 8. O-O Bb7 9. Rd1 Qb6 10. d4 Be7 11. Bg5 O-O 12. Nbd2 Rfe8 13. d5 Nf8 14. Nf1 Ng6 15. Ng3 h6 16. Be3 Qc7 17. Nf5 Bf8 18.
c4 bxc4 19. Nd2 Nf4 20. Qf1 g6 21. Ng3 c3 22. bxc3 Ng4 23. Nc4 a5 24. Ba4 Ba6 25. h3 Nf6 26. Rab1 Reb8 27. Bc6 Rxb1 28. Rxb1 Rb8 29. Rb3 h5 30. Qb1 Rxb3 31. axb3 h4 32. Bxf4 exf4 33. Ne2 f3 34. gxf3 Bc8 35. Kg2 Bh6 36.
Ne3 Bxe3 37. fxe3 Qe7 38. Qe1 Nxe4 39. fxe4 Qxe4+ 40. Kg1 Qxe3+ 41. Qf2 Qxh3 42. Be8 Bf5 43. c4 Qxb3 44. Qxh4 Qe3+ 45. Qf2 Qxe8 46. Ng3 Qe5 47. Kg2 Be4+ 48. Kh2 Bd3 49. Qf3 Bc2 50. Qf2 Bf5 51. Kg1 Kg7 52. Ne2 Bd3 53. Nf4 Bxc4 54. Qf3 a4 55.
Kf2 a3 56. Qxa3 0-1

[Event "*** Titled Tuesday Blitz"]
[Site "Chess.com"]
[Date "2020.11.10"]
[Round "4"]
[White "vanyakuba"]
[Black "GregShahade"]
[Result "0-1"]
[WhiteElo "2496"]
[BlackElo "2696"]
[TimeControl "180+1"]
[EndTime "10:42:14 PST"]
[Termination "GregShahade won on time"]

1. e4 e5 2. Nf3 Nc6 3. Bb5 a6 4.
Ba4 Nf6 5. d3 b5 6. Bb3 Bc5 7.
c3 d6 8. Nbd2 h6 9. Nf1 Bb6 10.
h3 Be6 11. Ng3 Qd7 12. O-O O-O 13. d4 Bxb3 14. axb3 exd4 15. cxd4 d5 16. e5 Ne4 17.
Re1 Nxg3 18. fxg3 Nd8 19. Be3 Ne6 20. Kh2 a5 21. Qd2 a4 22. b4 Qe7 23. Nh4 Nd8 24.
Nf5 Qe6 25. Rf1 Nc6 26. Bxh6 Nxd4 27. Nxg7 Qg6 28. g4 Nb3 29. Qf4 Nxa1 30. Nf5 Rfe8 31. Rxa1 c5 32. Rf1 Bc7 33. Nd6 Rxe5 34. Nxf7 Re7 35. Qxc7 Rxc7 36. Ne5 Qxh6 0-1

[Event "*** Titled Tuesday Blitz"]
[Site "Chess.com"]
[Date "2020.11.10"]
[Round "4"]
[White "bazar-wokzal"]
[Black "ShcufNaiRolf"]
[Result "1-0"]
[WhiteElo "2498"]
[BlackElo "2332"]
[TimeControl "180+1"]
[EndTime "10:42:14 PST"]
[Termination "bazar-wokzal won by resignation"]

1. e4 e5 2. Bc4 Nf6 3. d3 c6 4. Nf3 Be7 5. O-O d6 6. a4 a5 7.
Nc3 Nbd7 8. h3 Nf8 9. d4 Ng6 10. Re1 O-O 11. Be3 Nxe4 12. Nxe4 d5 13. Nxe5 Nxe5 14. dxe5 dxc4 15. Qxd8 Rxd8 16. Bb6 Rd5 17. f4 Bf5 18. Rac1 Ra6 19. Bc7 Bxe4 20. Rxe4 b5 21.
Kf2 g6 22. Ke2 Ra7 23. Bb6 Ra6 24. Be3 Ra8 25. Rd1 Rad8 26. Red4 Rxd4 27. Rxd4 Rxd4 28. Bxd4 bxa4 29. Bb6 a3 30. bxa3 Bxa3 31. Bxa5 Bc5 32. g4 Kf8 33. f5 Bd4 34. Bc7 Ke7 35. Kf3 Kd7 36. Bd6 gxf5 37. gxf5 f6 38. Ke4 Bb2 39.
Bb8 fxe5 40. Bxe5 Ba3 41. Kd4 Bb2+ 42. c3 Ke7 43. Kxc4 Bc1 44. Kc5 Kd7 45. Bd4 Bg5 46. f6 Bh6 47. Kb6 Bf8 48. c4 Kd6 49. Bc5+ Ke6 50.
Bxf8 1-0

[Event "*** Titled Tuesday Blitz"]
[Site "Chess.com"]
[Date "2020.11.10"]
[Round "4"]
[White "valeriocarnicelli"]
[Black "Zhigalko_Sergei"]
[Result "0-1"]
[WhiteElo "2569"]
[BlackElo "2918"]
[TimeControl "180+1"]
[EndTime "10:42:15 PST"]
[Termination "Zhigalko_Sergei won by resignation"]

1. e4 c5 2. Nf3 Nc6 3. d4 cxd4 4. Nxd4 Nf6 5. Nc3 e5 6. Ndb5 d6 7. Bg5 a6 8. Bxf6 gxf6 9. Na3 b5 10. Nd5 Bg7 11.
c3 f5 12. exf5 Bxf5 13. Nc2 O-O 14. Nce3 Be6 15. g3 a5 16. Bg2 Rb8 17. O-O f5 18. Qc2 Qd7 19. Rad1 f4 20. gxf4 exf4 21. Nxf4 Rxf4 22.
Rfe1 Rbf8 23. Rd2 Ne5 24. Red1 Qa7 25. Rf1 Qc5 26. Qd1 Nf3+ 27. Bxf3 Rxf3 28. Rxd6 Bh3 29. Rd5 Qc6 30. Rd6 Qc5 31. Rd5 Qe7 32. Re1 Rxf2 33. Nf5 Qa7 34. Re3 R2xf5 35. Rxf5 Qxe3+ 36. Kh1 Qe4+ 0-1

[Event "*** Titled Tuesday Blitz"]
[Site "Chess.com"]
[Date "2020.11.10"]
[Round "4"]
[White "Keures"]
[Black "ErikBlomqvist"]
[Result "1-0"]
[WhiteElo "2346"]
[BlackElo "2469"]
[TimeControl "180+1"]
[EndTime "10:42:15 PST"]
[Termination "Keures won on time"]

1. d4 Nf6 2. c4 e6 3. Nc3 Bb4 4.
Qc2 d6 5. a3 Bxc3+ 6. Qxc3 Nbd7 7. Nf3 b6 8. g3 Bb7 9. Bg2 O-O 10. O-O Qe7 11. b3 e5 12. dxe5 dxe5 13. Bb2 Rfe8 14.
Rad1 h6 15. Nh4 Bxg2 16. Kxg2 Nc5 17. f3 Rad8 18. Nf5 Qe6 19. e4 Kh7 20. Ne3 c6 21. Qc2 Kg8 22. Nf5 Kh7 23. Rf2 Rxd1 24. Qxd1 g6 25.
Ne3 Re7 26. Rd2 Rd7 27. Rxd7 Nfxd7 28. b4 Nb7 29. Qd2 Nd6 30. Ng4 g5 31. c5 Nc4 32.
Qc3 Nxb2 33. Qxb2 bxc5 34. bxc5 Nxc5 35. Qxe5 h5 36. Qxe6 fxe6 37. Ne5 1-0

[Event "*** Titled Tuesday Blitz"]
[Site "Chess.com"]
[Date "2020.11.10"]
[Round "4"]
[White "FMJoseHerrera"]
[Black "misterlamine"]
[Result "1-0"]
[WhiteElo "2593"]
[BlackElo "2293"]
[TimeControl "180+1"]
[EndTime "10:42:17 PST"]
[Termination "FMJoseHerrera won on time"]

1. Nf3 Nf6 2. g3 g6 3. Bg2 Bg7 4. d3 O-O 5. Nc3 d5 6. h4 Bg4 7. Bg5 c6 8. Qd2 Nbd7 9. Bh6 b5 10. h5 Bxh5 11. O-O-O b4 12. Nb1 a5 13. Rh4 e5 14.
Rdh1 e4 15. Bxg7 Kxg7 16. Ng5 exd3 17. exd3 Ne5 18. Qf4 h6 19. Qxe5 hxg5 20. Qxg5 Ng4 21. Rxh5 Qxg5+ 22. Rxg5 f5 23. f3 Ne3 24. Bh3 Rh8 25. g4 fxg4 26. fxg4 Kf6 27. Kd2 d4 28. Rc5 Ke6 29. Rxc6+ Kd5 30. Rxg6 Nxg4 31. Rxg4 Rag8 32.
Bg2+ Kc5 33. Rxg8 Rxg8 34. Be4 Rg5 35. c3 Rh5 36. Rxh5+ 1-0

[Event "*** Titled Tuesday Blitz"]
[Site "Chess.com"]
[Date "2020.11.10"]
[Round "4"]
[White "Lupul_Cenusiu"]
[Black "TigrVShlyape"]
[Result "0-1"]
[WhiteElo "2555"]
[BlackElo "2857"]
[TimeControl "180+1"]
[EndTime "10:42:18 PST"]
[Termination "TigrVShlyape won on time"]

1. d4 d5 2. c4 c6 3. Nc3 Nf6 4.
Nf3 a6 5. e3 g6 6. h3 Bg7 7. cxd5 cxd5 8. Bd3 O-O 9. O-O Nc6 10.
Bd2 e6 11. a4 a5 12. Qb3 Bd7 13. Rfc1 Qb8 14. Be1 Rd8 15. Bb5 Ne8 16. Ne2 Nd6 17.
Nf4 Be8 18. Bf1 Rc8 19. Nd3 b6 20. Nde5 Qb7 21. Nxc6 Rxc6 22. Ne5 Rc7 23. Rxc7 Qxc7 24. Bd3 Rc8 25. Bd2 Qb7 26. Qa3 Bf8 27. Qb3 Be7 28. g3 f6 29. Nf3 Kg7 30. Bc3 Bd7 31. Kh2 Ne4 32. Bxe4 dxe4 33. Nd2 Rc7 34. Qc2 Bc6 35. Qd1 Bd5 36. Qe2 Kf7 37. h4 Bd6 38. Kg2 h5 39. Qd1 Qc8 40. Qe2 Qb7 41. Qb5 Qc6 42. Qe2 Bb4 0-1

[Event "*** Titled Tuesday Blitz"]
[Site "Chess.com"]
[Date "2020.11.10"]
[Round "4"]
[White "novocane"]
[Black "Michaelson_11"]
[Result "1-0"]
[WhiteElo "2283"]
[BlackElo "2115"]
[TimeControl "180+1"]
[EndTime "10:42:18 PST"]
[Termination "novocane won by checkmate"]

1. d4 Nf6 2. c4 g6 3. Nc3 Bg7 4.
e4 O-O 5. f3 d6 6. Bg5 c6 7. Qd2 Nbd7 8. Nge2 a5 9. Ng3 a4 10.
a3 Qa5 11. Be2 b6 12. Bh6 Ba6 13. h4 e5 14. Bxg7 Kxg7 15. d5 cxd5 16. cxd5 Bxe2 17.
Kxe2 h5 18. Rhg1 Qa6+ 19. Ke1 Nc5 20. Nf5+ gxf5 21. Qg5+ Kh7 22. Qxf5+ Kg8 23. g4 hxg4 24. Qxf6 Nd3+ 25. Kd2 Nf2 26. Rxg4+ Nxg4 27. Rg1 Rfd8 28.
Rxg4+ Kf8 29. h5 Qf1 30. h6 Qf2+ 31. Ne2 Rab8 32. Rg8+ Kxg8 33. Qg7# 1-0

[Event "*** Titled Tuesday Blitz"]
[Site "Chess.com"]
[Date "2020.11.10"]
[Round "4"]
[White "Klavdia_Nik"]
[Black "Buryshin_Vasyl"]
[Result "1-0"]
[WhiteElo "2124"]
[BlackElo "2254"]
[TimeControl "180+1"]
[EndTime "10:42:18 PST"]
[Termination "Klavdia_Nik won by resignation"]

1. Nf3 d5 2. c4 c6 3. b3 Nf6 4. Bb2 Nbd7 5. g3 e6 6. Bg2 Be7 7. O-O O-O 8. d3 Qc7 9. Nbd2 Rd8 10. Qc2 dxc4 11. bxc4 Rb8 12. a4 b6 13. Bc3 Bb7 14.
Rfb1 Bc5 15. d4 Be7 16. e4 e5 17. d5 Nc5 18. Bxe5 Qd7 19. Bxb8 Rxb8 20. e5 Ne8 21. d6 Bd8 22. Nd4 f6 23. Qf5 Qf7 24. e6 Qg6 25. Qxg6 hxg6 26. e7 Rc8 27. exd8=Q Rxd8 28. Nxc6 Bxc6 29. Bxc6 Nxd6 30. Nf3 Nxc4 31. Rd1 Rxd1+ 32. Rxd1 Kf7 33. Bd5+ Ke7 34. Bxc4 Ke8 35. Bb5+ Ke7 36. Nd4 Kd6 1-0

[Event "*** Titled Tuesday Blitz"]
[Site "Chess.com"]
[Date "2020.11.10"]
[Round "4"]
[White "horripile"]
[Black "alejanchess73"]
[Result "1-0"]
[WhiteElo "2671"]
[BlackElo "2471"]
[TimeControl "180+1"]
[EndTime "10:42:19 PST"]
[Termination "horripile won by resignation"]

1. e4 e6 2. d4 d5 3. Nd2 c5 4. Ngf3 Nc6 5. exd5 Qxd5 6. Bc4 Qd6 7. dxc5 Qxc5 8. O-O Nf6 9. a3 Be7 10. b4 Qb6 11.
Bd3 O-O 12. c4 Rd8 13. c5 Qc7 14. Qc2 a6 15. Bb2 h6 16. Nc4 Bd7 17. Rfd1 Be8 18. Rac1 Nd5 19. Be4 Nf6 20. Bd3 Nd5 21. Bf1 Rac8 22.
Nfe5 Nf6 23. g3 Rxd1 24. Rxd1 Rd8 25. Bg2 Nxe5 26. Bxe5 Qc8 27. Nb6 Rxd1+ 28. Qxd1 Qd8 29. Qxd8 Bxd8 30. Bxb7 Bb5 31. f3 Ne8 32. Kf2 f6 33. Bb8 e5 34. Ke3 Kf7 35. Bd5+ Kg6 36. a4 Bf1 37.
Bc4 Bxc4 38. Nxc4 Kf5 39. b5 axb5 40. axb5 Ke6 41. Nd6 Nxd6 42. Bxd6 Kd5 43. Bf8 g6 44. Kd3 f5 45. c6 e4+ 46. fxe4+ fxe4+ 47. Kc3 Ba5+ 48. Kc2 Kc4 49. Bd6 Kxb5 50. c7 e3 51. c8=Q e2 52.
Qe8+ 1-0

[Event "*** Titled Tuesday Blitz"]
[Site "Chess.com"]
[Date "2020.11.10"]
[Round "4"]
[White "dpopadic"]
[Black "26andrej26"]
[Result "0-1"]
[WhiteElo "2346"]
[BlackElo "2535"]
[TimeControl "180+1"]
[EndTime "10:42:19 PST"]
[Termination "26andrej26 won on time"]

1. e4 Nf6 2. e5 Nd5 3. d4 d6 4. Nf3 Nb6 5. a4 dxe5 6. a5 N6d7 7. dxe5 e6 8. Nc3 Nc6 9. Bf4 a6 10. Bc4 Be7 11. O-O g5 12. Bg3 g4 13. Nd2 Ndxe5 14.
Qe2 Nxc4 15. Nxc4 h5 16. Rad1 Bd7 17. Rd2 h4 18. Bf4 Bg5 19. Rxd7 Qxd7 20. Bxg5 Nd4 21. Qd3 Nf5 22. Qe2 Rg8 23. Rd1 Qc6 24. Ne5 Qc5 25.
Ne4 Qxa5 26. Nf6+ Kf8 27. Nxg8 Kxg8 28. Nxg4 Kg7 29. Bf6+ Kg6 30. Bc3 Qb5 31. Ne5+ Kf6 0-1

[Event "*** Titled Tuesday Blitz"]
[Site "Chess.com"]
[Date "2020.11.10"]
[Round "4"]
[White "Tactictic"]
[Black "cassoulet"]
[Result "1-0"]
[WhiteElo "2434"]
[BlackElo "2630"]
[TimeControl "180+1"]
[EndTime "10:42:20 PST"]
[Termination "Tactictic won by checkmate"]

1. e4 e6 2. d4 d5 3. Nd2 c5 4. exd5 Qxd5 5. Ngf3 cxd4 6. Bc4 Qd6 7. O-O Nf6 8. Nb3 Nc6 9. Nbxd4 Nxd4 10. Nxd4 Be7 11. c3 O-O 12. Qf3 Qc7 13. Bb3 a5 14. a4 Bd7 15. Bf4 Bd6 16. Bxd6 Qxd6 17. Rad1 Qc7 18. Rfe1 Rad8 19. Qg3 Qxg3 20. hxg3 Rfe8 21. Nf3 Bc6 22. Ne5 Bd5 23. Bxd5 Nxd5 24. Rd4 f6 25. Nc4 e5 26. Rd3 Ne7 27. Rxd8 Rxd8 28.
Nxa5 Ra8 29. Nxb7 Rxa4 30. Nc5 Ra2 31. b4 Rc2 32. Ne4 f5 33. Nd6 e4 34. c4 g6 35. b5 Kf8 36. b6 Nc6 37. Rd1 Rb2 38. Nb5 Ke7 39. b7 h5 40. Rd6 Ne5 41. f3 exf3 42.
b8=Q Rb1+ 43. Kf2 Ng4+ 44. Kxf3 Rf1+ 45. Ke2 Rf2+ 46. Ke1 Kf7 47. Qc7+ Kf8 48. Rd8# 1-0

[Event "*** Titled Tuesday Blitz"]
[Site "Chess.com"]
[Date "2020.11.10"]
[Round "4"]
[White "DishonorOnYourCow"]
[Black "asms9699"]
[Result "0-1"]
[WhiteElo "2393"]
[BlackElo "2568"]
[TimeControl "180+1"]
[EndTime "10:42:20 PST"]
[Termination "asms9699 won on time"]

1. d4 d5 2. c4 c6 3. Nf3 Nf6 4. e3 a6 5. Bd3 g6 6. Nbd2 Bg7 7. O-O O-O 8. b3 Bg4 9. Bb2 Nbd7 10. h3 Bxf3 11.
Nxf3 e6 12. Re1 Qe7 13. Qe2 Rfd8 14. Rad1 Rac8 15. Nd2 Qf8 16. e4 dxe4 17. Nxe4 Nxe4 18. Bxe4 Nf6 19. Bc2 Ne8 20. h4 Nd6 21. h5 Rd7 22.
hxg6 hxg6 23. Ba3 Qd8 24. d5 cxd5 25. cxd5 exd5 26. Rxd5 Nb5 27. Be7 Qe8 28. Rxd7 Qxd7 29. Bd3 Re8 30. Bxg6 fxg6 31. Qc4+ Kh7 32. Re3 Rxe7 33.
Qh4+ Kg8 34. Rxe7 Qd1+ 35. Kh2 Qd6+ 36. g3 Qc5 37. Re8+ Kf7 38. Re2 Nd6 39. Qf4+ Kg8 40.
Rd2 Nf5 41. Rd8+ Kh7 42. Qh4+ Nxh4 43. gxh4 Qc7+ 0-1

[Event "*** Titled Tuesday Blitz"]
[Site "Chess.com"]
[Date "2020.11.10"]
[Round "4"]
[White "olksuna"]
[Black "Shtembuliak"]
[Result "0-1"]
[WhiteElo "2627"]
[BlackElo "2872"]
[TimeControl "180+1"]
[EndTime "10:42:21 PST"]
[Termination "Shtembuliak won on time"]

1. d4 g6 2. e4 d6 3. Nf3 Nf6 4.
Bd3 Bg7 5. O-O O-O 6. Re1 Nc6 7. d5 Nb4 8. Bf1 a5 9. a3 Na6 10. Nc3 c6 11. h3 Nd7 12. Bg5 Ndc5 13. e5 dxe5 14. dxc6 bxc6 15. Qxd8 Rxd8 16. Bxe7 Re8 17. Bd6 e4 18. Nd2 f5 19. f3 Bd4+ 20. Kh1 Rd8 21. Nc4 Bxc3 22. bxc3 Be6 23. Rab1 Na4 24. Rb7 N6c5 25. Re7 Rd7 26. Rxe6 Nxe6 27. fxe4 fxe4 28.
Rxe4 Nec5 29. Rd4 Re8 30. Kh2 Re1 31. Rf4 Ne6 32. Rf6 Kg7 33. Rf3 Rf7 34. Be5+ Kg8 35. Rxf7 Kxf7 36. Bd3 Nec5 37. Bg3 Rc1 0-1

[Event "*** Titled Tuesday Blitz"]
[Site "Chess.com"]
[Date "2020.11.10"]
[Round "4"]
[White "youngKID"]
[Black "RobPeresian"]
[Result "1-0"]
[WhiteElo "2839"]
[BlackElo "2469"]
[TimeControl "180+1"]
[EndTime "10:42:21 PST"]
[Termination "youngKID won by resignation"]

1. d4 d5 2. Nf3 Nf6 3. Bg5 c6 4.
Nbd2 Qb6 5. Rb1 Bf5 6. e3 Nbd7 7.
Nh4 Bg4 8. Be2 Bxe2 9. Qxe2 e6 10. Nhf3 Be7 11. O-O O-O 12. b4 a6 13. c4 h6 14. Bh4 Rfc8 15. Rfc1 Qd8 16. h3 b5 17. c5 a5 18. a3 axb4 19. axb4 Ra2 20. Qd3 Rca8 21. Rc2 R8a3 22. Nb3 Ne4 23. Bxe7 Qxe7 24.
Rcb2 Qf6 25. Qc2 Rxb2 26. Qxb2 Ra4 27. Na5 Nb8 28. Ne5 Rxb4 29. Qxb4 Qxf2+ 30. Kh1 Qxe3 31. Qe1 Qxd4 32. Naxc6 Nxc6 33. Nxc6 Nf2+ 34. Kg1 Nd3+ 35. Nxd4 1-0

[Event "*** Titled Tuesday Blitz"]
[Site "Chess.com"]
[Date "2020.11.10"]
[Round "4"]
[White "Nikithebest"]
[Black "HrvojeZagreb"]
[Result "0-1"]
[WhiteElo "2436"]
[BlackElo "2287"]
[TimeControl "180+1"]
[EndTime "10:42:22 PST"]
[Termination "HrvojeZagreb won by checkmate"]

1. e4 e6 2. Qe2 c5 3. Nf3 Nc6 4. c3 d5 5. d3 Be7 6. g3 Nf6 7. Bg2 h6 8. O-O O-O 9. e5 Nd7 10. c4 dxc4 11. dxc4 Qc7 12. Re1 Rd8 13. Nc3 Nf8 14. Bf4 Nd4 15. Nxd4 cxd4 16. Nb5 Qb6 17.
a4 a6 18. a5 Qc5 19. Na3 g5 20. Bd2 Ng6 21. b4 Qc7 22. Qh5 Kg7 23. h4 Rh8 24.
hxg5 hxg5 25. Qe2 Bd7 26. b5 Rad8 27. b6 Qc8 28. Qg4 Bc6 29. f3 Rh6 30. Bxg5 Bxg5 31.
Qxg5 Rdh8 32. Qf6+ Kg8 33. Rad1 Qd7 34. Rd3 Ne7 35.
Qf4 Nf5 36. g4 Nh4 37. Rxd4 Nxg2 38. Kxg2 Rh2+ 39. Kf1 Rh1+ 40. Ke2 R8h2+ 41. Kd3 Qe7 42. Rxh1 Qxa3# 0-1

[Event "*** Titled Tuesday Blitz"]
[Site "Chess.com"]
[Date "2020.11.10"]
[Round "4"]
[White "Anton_Demchenko"]
[Black "Federtiu"]
[Result "1-0"]
[WhiteElo "2837"]
[BlackElo "2549"]
[TimeControl "180+1"]
[EndTime "10:42:23 PST"]
[Termination "Anton_Demchenko won on time"]

1. e4 c6 2. Nf3 d5 3. d3 g6 4.
Qe2 Bg7 5. g3 dxe4 6. dxe4 e5 7.
Bg2 Qc7 8. O-O Nf6 9. b3 O-O 10. a4 a5 11. Nbd2 Re8 12. Nc4 b5 13. axb5 cxb5 14.
Na3 b4 15. Nc4 Ba6 16. Nfd2 Nc6 17. Bb2 Bb5 18. Rfe1 Nd7 19. Qf3 Nb6 20. Bf1 a4 21. Nxb6 Qxb6 22. bxa4 Bxa4 23. Bc4 Ra7 24. Bd5 Nd4 25.
Bxd4 exd4 26. Nc4 Qc7 27. e5 Bxc2 28. Nd6 Rxe5 29. Nxf7 Rxe1+ 30. Rxe1 Qxf7 31. Bxf7+ Rxf7 32. Qd5 Kf8 33. Qd6+ 1-0

[Event "*** Titled Tuesday Blitz"]
[Site "Chess.com"]
[Date "2020.11.10"]
[Round "4"]
[White "Vuk2000"]
[Black "grunbergmihai"]
[Result "1-0"]
[WhiteElo "2664"]
[BlackElo "2469"]
[TimeControl "180+1"]
[EndTime "10:42:23 PST"]
[Termination "Vuk2000 won by resignation"]

1. d4 Nf6 2. Bg5 Ne4 3. Bf4 c5 4. f3 Qa5+ 5. c3 Nf6 6. d5 d6 7. e4 g6 8. Na3 Bg7 9. Nc4 Qd8 10.
a4 O-O 11. Be2 b6 12. h4 h5 13. Qd2 Nbd7 14. Nh3 a6 15. Nf2 Bb7 16. Ne3 b5 17. axb5 axb5 18. Rxa8 Qxa8 19. Bxb5 Qa1+ 20.
Nfd1 Ba6 21. Bxa6 Qxa6 22. Qe2 Qa2 23. Qc4 Ra8 24. Qxa2 Rxa2 25. Kd2 Nb6 26. Kc2 Nfd7 27. Kb3 Ra5 28. Nf2 Rb5+ 29. Kc2 Na4 30. Nd3 Ndb6 31. Ra1 c4 32. Nxc4 Nxc4 33. Rxa4 Ne5 34. Bxe5 dxe5 35.
c4 Rb8 36. c5 f5 37. c6 Bf6 38. Nc5 Kf7 39. b4 Bxh4 40. Nd7 Rc8 41. b5 Bf2 42. b6 Bxb6 43. Nxb6 Rc7 44. Nd7 e6 45. Nxe5+ Kf6 46. d6 1-0

[Event "*** Titled Tuesday Blitz"]
[Site "Chess.com"]
[Date "2020.11.10"]
[Round "4"]
[White "LamaChampetre"]
[Black "Savva09022009"]
[Result "0-1"]
[WhiteElo "2177"]
[BlackElo "2403"]
[TimeControl "180+1"]
[EndTime "10:42:23 PST"]
[Termination "Savva09022009 won by resignation"]

1. d4 Nf6 2. c4 e6 3. Nf3 d5 4. g3 dxc4 5. Bg2 a6 6. a4 Nc6 7.
O-O Be7 8. Na3 Bxa3 9. Rxa3 O-O 10. Bg5 h6 11. Bxf6 Qxf6 12. e3 Rb8 13. Nd2 Na5 14. Qc2 c5 15. dxc5 Qe5 16. Nxc4 Qxc5 17. Rc3 Nxc4 18.
Rxc4 Qe5 19. Rc7 b5 20. axb5 axb5 21. b4 Qd6 22. Qc5 Qxc5 23. Rxc5 Bb7 24. Rxb5 Bxg2 25.
Rxb8 Rxb8 26. Kxg2 Rxb4 27. Rd1 e5 28. Rd8+ Kh7 29.
Rd7 f5 30. h4 Kg6 31. Rd6+ Kf7 32. Ra6 Rb7 33. Rc6 Rd7 34. Ra6 e4 35. Rc6 Kg8 36.
Ra6 Kh7 37. Rc6 g5 38. hxg5 hxg5 39. Ra6 Rd2 40. Rf6 Rd5 41. Ra6 Kg7 42. Rb6 Rd2 43.
Ra6 Rd7 44. Rb6 Rf7 45. Ra6 Rf6 46. Ra7+ Kg6 47. Ra5 Rc6 48. Ra7 Kh5 49. Ra5 Kg4 50. Rb5 Rc2 51. Ra5 f4 52. gxf4 gxf4 53. Ra4 f3+ 54.
Kg1 Kh3 55. Ra1 Rc8 56. Rb1 Rg8+ 57. Kf1 Kh2 58. Ke1 Rg1+ 59. Kd2 Rxb1 0-1

[Event "*** Titled Tuesday Blitz"]
[Site "Chess.com"]
[Date "2020.11.10"]
[Round "4"]
[White "Vasily85"]
[Black "Chamal_Gedgafov"]
[Result "1-0"]
[WhiteElo "2400"]
[BlackElo "2156"]
[TimeControl "180+1"]
[EndTime "10:42:24 PST"]
[Termination "Vasily85 won on time"]

1. d4 Nf6 2. Bg5 g6 3. Bxf6 exf6 4. e3 d5 5. g3 c6 6. Bg2 Bd6 7. Ne2 O-O 8. O-O Nd7 9. b3 Re8 10.
c4 dxc4 11. bxc4 f5 12. c5 Bc7 13. Nd2 Nf6 14. Nc3 Be6 15. Rb1 Rb8 16. Qa4 a6 17. Nc4 Nd5 18. Nxd5 Bxd5 19. Rb3 f4 20. gxf4 Bxg2 21.
Kxg2 Qh4 22. Ne5 f6 23. Qc4+ Kg7 24. Qf7+ Kh6 25. e4 fxe5 26. Rh3 Qxh3+ 27. Kxh3 Rec8 28. fxe5 Ba5 29. f4 Rf8 30. Qe7 Bc3 31. Qg5+ Kg7 32.
e6 Bxd4 33. e7 Rf7 34. e5 Re8 35. f5 Bxe5 36. fxg6 Rxf1 37. Qxe5+ Kxg6 38. Qe4+ 1-0

[Event "*** Titled Tuesday Blitz"]
[Site "Chess.com"]
[Date "2020.11.10"]
[Round "4"]
[White "tdf98pantani"]
[Black "Chigorinetz"]
[Result "0-1"]
[WhiteElo "2716"]
[BlackElo "2542"]
[TimeControl "180+1"]
[EndTime "10:42:25 PST"]
[Termination "Chigorinetz won on time"]

1. d4 d5 2. c4 Nc6 3. Nf3 Bg4 4.
cxd5 Bxf3 5. gxf3 Qxd5 6. e3 e5 7. Nc3 Bb4 8. a3 Bxc3+ 9. bxc3 Qd7 10. Rb1 O-O-O 11. Qb3 b6 12. Bb5 Nge7 13. Qxf7 Rhf8 14. Qh5 Kb8 15. Qg4 Qd6 16. Qe4 Rf6 17. Rg1 g6 18. Bc4 Rdf8 19. Rg3 Nf5 20. Rh3 h5 21. Rb5 Re8 22.
Rd5 Qf8 23. dxe5 Nd6 24. Rxd6 Rxd6 25. f4 Na5 26. Ba6 c6 27. Rg3 Nb3 28. Bb2 Nc5 29. Qc2 Rd7 30. Be2 Red8 31. Kf1 Nd3 32. Ba1 Nxf4 33.
exf4 Qxf4 34. Kg2 Rd2 35. Qxg6 Rxe2 36. Rf3 Qxe5 37. Qxc6 h4 0-1

[Event "*** Titled Tuesday Blitz"]
[Site "Chess.com"]
[Date "2020.11.10"]
[Round "4"]
[White "paulrusan"]
[Black "AlphaZ3r0"]
[Result "1-0"]
[WhiteElo "2228"]
[BlackElo "2396"]
[TimeControl "180+1"]
[EndTime "10:42:25 PST"]
[Termination "paulrusan won on time"]

1. e4 c5 2. b4 cxb4 3. Bb2 d5 4.
exd5 Nf6 5. Bb5+ Bd7 6. Bc4 Bg4 7. Nf3 Nxd5 8. O-O Nc6 9. a3 bxa3 10. Nxa3 a6 11.
Nb5 e6 12. Nc3 Nf4 13. h3 h5 14. Ne4 Rc8 15. d3 Be7 16. Kh1 Qb6 17. Bxg7 Rg8 18.
Bf6 Nxh3 19. Rb1 Qc7 20. gxh3 Bxh3 21. Rg1 Bg4 22. Rg3 Qf4 23. Bxe7 Kxe7 24. Ned2 Ne5 25. Rxb7+ Kf6 26. Nxe5 Bxd1 27. Rxf7+ Kxe5 28. Rxf4 Kxf4 29.
Bxe6 Rxg3 30. fxg3+ Ke3 31. Bxc8 Ke2 32. Nc4 Bxc2 33.
Bxa6 Bxd3 34. Bb5 1-0

[Event "*** Titled Tuesday Blitz"]
[Site "Chess.com"]
[Date "2020.11.10"]
[Round "4"]
[White "AnishOnYoutube"]
[Black "LiamVrolijk"]
[Result "1/2-1/2"]
[WhiteElo "2975"]
[BlackElo "2819"]
[TimeControl "180+1"]
[EndTime "10:42:26 PST"]
[Termination "Game drawn by repetition"]

1. e4 e5 2. Nf3 Nc6 3. Bb5 a6 4. Ba4 g6 5. c3 Bg7 6. d4 exd4 7. cxd4 b5 8. Bc2 d6 9. O-O Nf6 10. h3 O-O 11. Nc3 Na5 12. Re1 c5 13. e5 dxe5 14.
dxc5 Qxd1 15. Bxd1 Nd7 16. Rb1 Nxc5 17. b4 e4 18.
bxc5 Bxc3 19. Bd2 Bxd2 20. Nxd2 f5 21. f3 Bb7 22. fxe4 fxe4 23. Bc2 Rac8 24. Nxe4 Bxe4 25. Bxe4 Rxc5 26. Rb4 Nc4 27. a4 Re5 28. axb5 axb5 29. Re2 Rfe8 30. Bd5+ Kg7 31. Bxc4 Rxe2 32. Bxe2 Rxe2 33.
Rxb5 h5 34. Rb7+ Kh6 35. Rb3 Ra2 36. Rf3 Re2 37. Kh2 Ra2 38. Re3 Rb2 39. Rf3 Ra2 40. Re3 Rb2 41. Rf3 Ra2 1/2-1/2

[Event "*** Titled Tuesday Blitz"]
[Site "Chess.com"]
[Date "2020.11.10"]
[Round "4"]
[White "Semetey"]
[Black "hansen"]
[Result "1-0"]
[WhiteElo "2584"]
[BlackElo "2884"]
[TimeControl "180+1"]
[EndTime "10:42:26 PST"]
[Termination "Semetey won on time"]

1. e4 c5 2. Nc3 e6 3. f4 Nc6 4. Nf3 a6 5. a4 d5 6. d3 Nf6 7. Be2 Nd4 8. O-O Be7 9. e5 Nd7 10.
Nxd4 cxd4 11. Nb1 O-O 12. Nd2 f6 13. exf6 Nxf6 14. Nb3 Qb6 15. Bd2 Bd7 16. Ba5 Qa7 17.
Be1 Ne8 18. g3 Nd6 19. Bg4 Nf5 20. Bxf5 Rxf5 21. Bf2 e5 22. fxe5 Raf8 23. Qe2 Qb8 24. Bxd4 Rxf1+ 25. Rxf1 Rxf1+ 26. Qxf1 Bxa4 27. Qf5 Qf8 28. Qe6+ Kh8 29. Kg2 h6 30. h4 Kh7 31. h5 Be8 32.
Qg4 Bg5 33. Nc5 Qf7 34. Ne6 Be7 35. Nf4 Bg5 36. e6 Qf8 37. Nxd5 Bc6 38. Qe4+ Kg8 39.
c4 Qe8 40. Bc5 Qxh5 41. e7 1-0